 Dungeon Crawl Stone Soup version 0.26-a0-524-g073066f631 (webtiles) character file.

Game seed: 16726132016442535977

36679 ANON1729 the Martial Artist (level 13, -3/117 HPs)
             Began as a Demonspawn Transmuter on Aug 13, 2020.
             Was a High Priest of Ru.
             Slain by a two-headed ogre
             ... wielding a +0 giant spiked club
              (8 damage)
             ... while paralysed by an ogre mage
             ... on level 14 of the Dungeon.
             The game lasted 00:57:02 (21421 turns).

ANON1729 the Martial Artist (DsTm)                 Turns: 21421, Time: 00:57:03

Health: -3/117     AC: 11    Str: 13    XL:     13   Next: 54%
Magic:  0/33       EV:  1    Int: 18    God:    Ru [*****.]
Gold:   956        SH:  0    Dex: 13    Spells: 12/27 levels left

rFire    x . .     SeeInvis .     - Unarmed
rCold    + + +     Faith    .   (shield currently unavailable)
rNeg     . . .     Spirit   +   (armour currently unavailable)
rPois    +         Reflect  .   (helmet currently unavailable)
rElec    .         Harm     .   (cloak currently unavailable)
rCorr    .                      (gloves currently unavailable)
MR       .....                  (boots currently unavailable)
Stlth    ..........             h - amulet of magic regeneration
HPRegen  0.29/turn              s - ring of magical power
MPRegen  0.71/turn              A - +4 ring of protection

@: paralysed, ice-form, no potions, studying Staves
A: large, magic shield, magic regeneration, magic link, rot immunity, inability
to drink while threatened, no stealth, hated by all, inability to train armour
a: End Transformation, Draw Out Power, Power Leap, Apocalypse, Renounce Religion


You were on level 14 of the Dungeon.
You worshipped Ru.
Ru was extremely pleased with you.
You were a creature of crystalline ice.
You visited 2 branches of the dungeon, and saw 15 of its levels.
You visited the Abyss 1 time.
You also visited: Sewer.

You collected 956 gold pieces.

Inventory:

Armour
 t - the +2 robe "Satin" (melded) {*Drain MR++ Regen+ rCorr}
   (You found it on level 11 of the Dungeon)

   It affects your resistance to hostile enchantments.
   It increases your rate of regeneration.
   It provides partial protection from all sources of acid and corrosion.
   It causes draining when unequipped.
 D - a +2 pair of gloves (melded)
 J - a +0 cloak of magic resistance (melded)
Jewellery
 h - an amulet of magic regeneration (around neck)
 s - a ring of magical power (left front paw)
 y - an uncursed ring of positive energy
 A - a +4 ring of protection (right front paw)
 G - an uncursed ring of poison resistance
 I - a +6 ring of intelligence {unknown}
Wands
 r - a wand of random effects (9)
 x - a wand of disintegration (10)
 E - a wand of flame (38)
 O - a wand of digging (4)
Scrolls
 c - 6 scrolls of blinking
 f - 10 scrolls of fear
 g - 4 scrolls of remove curse
 j - 4 scrolls of enchant armour
 m - 4 scrolls of teleportation
 n - 3 scrolls of magic mapping
 o - 3 scrolls of enchant weapon
 q - a scroll of silence {unknown}
 w - 3 scrolls of fog
 C - a scroll of summoning {unknown}
 H - 2 scrolls of immolation {unknown}
 K - 3 scrolls of vulnerability {unknown}
 M - 3 scrolls of amnesia {unknown}
 N - a scroll of acquirement {unknown}
Potions
 a - 3 potions of mutation {unknown}
 b - 5 potions of haste
 d - 2 potions of brilliance
 e - a potion of resistance
 i - 5 potions of lignification
 k - 4 potions of heal wounds
 l - a potion of cancellation {unknown}
 p - 3 potions of stabbing
 u - 3 potions of curing
 v - 4 potions of might
 z - 3 potions of flight
 F - a potion of magic {unknown}
Books
 B - a manual of Staves
Miscellaneous
 L - a condenser vane (2/2)


   Skills:
 + Level 8.1 Fighting
 + Level 7.6 Dodging
 * Level 10.8 Unarmed Combat
 + Level 7.7 Spellcasting
 * Level 10.7 Transmutations
 - Level 7.0 Ice Magic
 - Level 7.0 Poison Magic


You had 12 spell levels left.
You knew the following spells:

 Your Spells              Type           Power        Failure   Level
a - Beastly Appendage     Tmut           #####.       1%          1
b - Wereblood             Tmut           #####...     1%          2
c - Spider Form           Tmut/Pois      #####.....   1%          3
d - Ice Form              Ice/Tmut       #####...     2%          4
e - Blade Hands           Tmut           #####.....   3%          5

Your spell library contained the following spells:

 Spells                   Type           Power        Failure   Level
 Apportation              Tloc           #.....       10%         1
 Corona                   Hex            #......      10%         1
 Foxfire                  Conj/Fire      #...         10%         1
 Magic Dart               Conj           #...         10%         1
 Searing Ray              Conj           #.....       16%         2
 Conjure Flame            Conj/Fire      #.......     30%         3
 Dazzling Flash           Conj/Hex       #.....       30%         3
 Inner Flame              Hex/Fire       #.......     30%         3
 Fulminant Prism          Conj/Hex       #.........   69%         4
 Iskenderun's Mystic Bla  Conj/Tloc      #.......     69%         4
 Sticky Flame             Conj/Fire      #.......     69%         4
 Fireball                 Conj/Fire      #.........   95%         5
 Animate Skeleton         Necr           Unusable     N/A         1
 Summon Small Mammal      Summ           Unusable     N/A         1
 Malign Gateway           Summ/Tloc      Unusable     N/A         7
 Monstrous Menagerie      Summ           Unusable     N/A         7
 Summon Greater Demon     Summ           Unusable     N/A         7
 Summon Horrible Things   Summ           Unusable     N/A         8

Dungeon Overview and Level Annotations

Branches:
Dungeon (14/15)            Temple (1/1) D:4            Lair (0/6) D:11
    Orc (0/2) D:12          Sewer (visited)
 Vaults: D:13-14

Altars:
Ashenzari
Cheibriados
Dithmenos
Elyvilon
Fedhas
Gozag
Hepliaklqana
Kikubaaqudgha
Makhleb
Nemelex Xobeh
Okawaru
Qazlal
Ru
Sif Muna
Trog
Uskayaw
Vehumet
Wu Jian
Xom
Yredelemnul
Zin
The Shining One

Shops:
D:7 [   D:14 }[[


Innate Abilities, Weirdness & Mutations

((You have large cloven feet.))
((You are mostly covered in iridescent scales. (AC +4)))
When hurt, damage is shared between your health and your magic reserves.
You regenerate magic rapidly.
When low on magic, you restore magic in place of health.
You are immune to rotting.
You cannot drink potions while threatened.
You cannot be stealthy.
You are hated by all.
You cannot train Armour skill.


Message History

The two-headed ogre hits you with a +0 giant club!!
* * * LOW HITPOINT WARNING * * *
The deep elf mage casts a spell.
The deep elf mage blinks!
The big kobold hits you with a +0 short sword!
* * * LOW HITPOINT WARNING * * *
The ynoxinul hits you but does no damage.
The deep elf mage casts a spell.
Something feels only hate for you!
The ice beast hits you but does no damage.
The deep elf mage hits you but does no damage.
The kobold is stunned by your will and fails to attack.
The ogre mage shouts!
You hear a shout!
The big kobold is stunned by your will and fails to attack.
The ogre mage is stunned by your will and fails to attack.
The two-headed ogre hits you with a +0 giant spiked club.
* * * LOW HITPOINT WARNING * * *
The two-headed ogre hits you with a +0 giant club!
You die...

.......................#.........
................#####.##.........
......#######..### ###.....>.#..
....### #..# . #..<..)...## .....
#..##. #.....)..... ..... #..#.#
.#.....##...# .....
##.#..#O##..#......#...# ....
...c..eOO.# #.....###..# ..
#.#..#Y#####..........#
.....KK3Y....e.....#..##
.......ยง4.......#..####
##.#{.#.#####.##...# ..K......
#.#....# #K#..#.# #......#
#.#..#e# #......# . #. ##.
#......# #. #.....


You could see 2 two-headed ogres, an ogre mage (fast), a yaktaur, a rust devil
(summoned), 3 deep elf magi, a ynoxinul (summoned), an ice beast (summoned), 3
big kobolds and a kobold.

Vanquished Creatures
  A tengu reaver (D:13)
  2 stone giants
  A vampire knight (D:13)
  Azrael (D:13)
  8 vault guards
  3 centaur warriors
  3 two-headed ogres
  A flayed ghost (D:11)
  A phantasmal warrior (D:11)
  4 ugly things
  A deep elf mage (D:14)
  3 manticores
  5 cyclopes
  Psyche (D:8)
  3 centaur skeletons
  A komodo dragon (D:14)
  A meliai (shapeshifter) (D:13)
  3 trolls
  Grinder (D:4)
  A hippogriff (D:11)
  Sigmund (D:5)
  2 wyverns
  7 yaks
  3 wraiths (D:9)
  2 fire elementals (D:13)
  Menkaure (D:5)
  A vampire mosquito (D:11)
  A porcupine (D:11)
  Duvessa (D:4)
  A water moccasin (D:14)
  4 hell hounds (D:13)
  7 orc warriors
  6 sky beasts
  3 ice beasts
  A black bear (D:13)
  2 hornet zombies
  3 phantoms
  A necrophage (D:5)
  12 centaurs
  9 ogres
  4 crocodiles
  11 big kobolds
  Blork the orc (D:4)
  12 bullfrogs
  5 gnoll sergeants
  Dowan (D:4)
  A wyvern skeleton (D:13)
  5 scorpions
  15 killer bees
  7 wights
  2 howler monkeys
  2 vampire bats (D:9)
  A quasit (D:13)
  4 centaur zombies
  8 hounds
  Crazy Yiuf (D:4)
  2 jellies
  3 orc priests
  2 bullfrog skeletons
  13 orc wizards
  5 iguanas
  15 worker ants
  A hound skeleton (D:6)
  2 worker ant zombies
  2 howler monkey skeletons
  13 gnolls
  A river rat (Sewer)
  14 adders
  3 shadow imps
  8 white imps
  An ufetubus (D:9)
  5 oozes (Sewer)
  An adder zombie (D:8)
  An adder skeleton (D:7)
  7 worms
  3 dart slugs
  4 leopard geckos
  51 orcs
  2 giant cockroaches (D:6)
  10 goblins
  9 hobgoblins
  13 jackals
  5 quokkas
  7 ball pythons
  14 bats
  2 frilled lizards
  22 kobolds
  A leopard gecko zombie (D:7)
  2 quokka skeletons
  18 rats
455 creatures vanquished.

Vanquished Creatures (others)
  A cyclops (D:12)
  A manticore (D:14)
  A centaur (D:13)
  A plant (D:11)
4 creatures vanquished.

Grand Total: 459 creatures vanquished

Notes
Turn   | Place    | Note
-------+----------+-------------------------------------------
     0 | D:1      | ANON1729 the Demonspawn Transmuter began the quest for the
                  | Orb.
     0 | D:1      | Reached XP level 1. HP: 15/15 MP: 3/3
   137 | D:1      | Gained mutation: When hurt, damage is shared between your
                  | health and your magic reserves. [demonic ancestry]
   137 | D:1      | Reached XP level 2. HP: 21/21 MP: 3/5
   936 | D:1      | Reached XP level 3. HP: 26/26 MP: 6/6
   940 | D:1      | Learned a level 2 spell: Wereblood
   944 | D:1      | Learned a level 3 spell: Spider Form
  1607 | D:2      | Reached XP level 4. HP: 26/33 MP: 5/7
  2684 | D:2      | Found a shimmering altar of Xom.
  2939 | D:3      | Reached XP level 5. HP: 21/38 MP: 4/8
  3288 | D:3      | Found a white marble altar of Elyvilon.
  3310 | D:3      | Found a stormy altar of Qazlal.
  3493 | D:3      | HP: 1/38 [bat (1)]
  3505 | D:3      | Reached skill level 1 in Poison Magic
  4731 | D:4      | Noticed Dowan
  5054 | D:4      | You fall into a shaft and drop 3 floors!
  5062 | D:7      | Gained mutation: You have large cloven feet. [demonic
                  | ancestry]
  5062 | D:7      | Reached XP level 6. HP: 42/46 MP: 5/10
  5754 | D:8      | Gained mutation: You regenerate magic rapidly. [demonic
                  | ancestry]
  5754 | D:8      | Reached XP level 7. HP: 39/51 MP: 6/11
  5768 | D:8      | Learned a level 4 spell: Ice Form
  5920 | D:8      | Noticed Psyche
  5939 | D:8      | Cast into level 2 of the Abyss (Psyche)
  5958 | Abyss:2  | Noticed a starcursed mass
  5969 | D:8      | Escaped the Abyss
  5988 | D:8      | Killed Psyche
  5988 | D:8      | Reached skill level 1 in Ice Magic
  6927 | D:8      | Gained mutation: You are immune to rotting. [demonic
                  | ancestry]
  6927 | D:8      | Reached XP level 8. HP: 58/58 MP: 13/13
  7053 | D:8      | Reached skill level 5 in Unarmed Combat
  7554 | D:7      | Found an opulent altar of Gozag.
  7586 | D:7      | Reached skill level 5 in Transmutations
  7821 | D:7      | Found Wial Pico's Antique Armour Shoppe.
  8199 | D:6      | Gained mutation: You are partially covered in iridescent
                  | scales. (AC +2) [demonic ancestry]
  8199 | D:6      | Reached XP level 9. HP: 20/65 MP: 14/15
  8258 | D:6      | Found a glowing drain.
  8263 | Sewer    | Entered a sewer
  9031 | D:6      | Found a shattered altar of Ashenzari.
  9616 | D:5      | Entered Level 5 of the Dungeon
  9642 | D:5      | Found a burning altar of Makhleb.
  9716 | D:5      | Noticed Sigmund
  9757 | D:5      | Killed Sigmund
 10131 | D:5      | Noticed Menkaure
 10142 | D:5      | Killed Menkaure
 10229 | D:5      | Got a smelly ring mail
 10249 | D:5      | Identified the +4 ring mail of the Slightly Bent {-Tele
                  | Regen+ Str+7 Slay-5} (You found it on level 5 of the
                  | Dungeon)
 10881 | D:4      | Noticed Duvessa
 10896 | D:4      | Killed Duvessa
 10896 | D:4      | Reached XP level 10. HP: 54/73 MP: 17/17
 10897 | D:4      | Killed Dowan
 10970 | D:4      | Found a runed translucent door.
 10971 | D:4      | Noticed Crazy Yiuf
 11010 | D:4      | Found a staircase to the Ecumenical Temple.
 11026 | D:4      | Noticed Blork the orc
 11033 | D:4      | Killed Blork the orc
 11040 | D:4      | Reached skill level 5 in Spellcasting
 11061 | Temple   | Entered the Ecumenical Temple
 11282 | Temple   | Became a worshipper of Ru the Awakened
 11332 | D:4      | Noticed Grinder
 11350 | D:4      | Paralysed by Grinder for 3 turns
 11358 | D:4      | Killed Grinder
 11358 | D:4      | Reached skill level 5 in Fighting
 11660 | D:4      | Killed Crazy Yiuf
 12030 | D:8      | Learned a level 5 spell: Blade Hands
 12797 | D:9      | Gained mutation: You cannot be stealthy. [Ru sacrifice]
 12927 | D:9      | Reached skill level 5 in Dodging
 13250 | D:9      | Reached skill level 5 in Poison Magic
 13375 | D:9      | Found the +5 scythe "Finisher" {speed, eviscerate}
 13744 | D:10     | Entered Level 10 of the Dungeon
 14421 | D:10     | Gained mutation: You are hated by all. [Ru sacrifice]
 14421 | D:10     | Reached * piety under Ru
 14421 | D:10     | Reached ** piety under Ru
 14938 | D:11     | Noticed a cyclops
 14954 | D:11     | Killed a cyclops
 14954 | D:11     | Gained mutation: You are mostly covered in iridescent
                  | scales. (AC +4) [demonic ancestry]
 14954 | D:11     | Reached XP level 11. HP: 81/81 MP: 19/19
 15834 | D:11     | Found a staircase to the Lair.
 16192 | D:11     | Noticed a cyan ugly thing
 16200 | D:11     | Killed a cyan ugly thing
 16508 | D:11     | Found a runed translucent door.
 16508 | D:11     | Noticed a centaur warrior
 16510 | D:11     | Noticed a flayed ghost
 16516 | D:11     | Killed a centaur warrior
 16628 | D:11     | Killed a flayed ghost
 16725 | D:11     | Reached skill level 5 in Ice Magic
 17136 | D:11     | Noticed a stone giant
 17136 | D:11     | Noticed a phantasmal warrior
 17144 | D:11     | Killed a phantasmal warrior
 17155 | D:11     | Killed a stone giant
 17347 | D:11     | Got an ancient robe
 17357 | D:11     | Identified the +2 robe "Satin" {*Drain MR++ Regen+ rCorr}
                  | (You found it on level 11 of the Dungeon)
 17396 | D:12     | Noticed a centaur warrior
 17408 | D:12     | Killed a centaur warrior
 17879 | D:12     | Reached XP level 12. HP: 88/89 MP: 21/21
 17993 | D:12     | Gained mutation: You cannot drink potions while threatened.
                  | [Ru sacrifice]
 17993 | D:12     | Reached *** piety under Ru
 18206 | D:12     | Found a staircase to the Orcish Mines.
 18625 | D:12     | Found a sacrificial altar of Ru.
 18766 | D:13     | Noticed a two-headed ogre
 18772 | D:13     | Killed a two-headed ogre
 18955 | D:13     | Noticed a centaur warrior
 18966 | D:13     | Killed a centaur warrior
 19231 | D:13     | Noticed Azrael
 19562 | D:13     | Noticed a vault guard
 19562 | D:13     | Noticed a vault guard
 19567 | D:13     | Noticed a tengu reaver
 19567 | D:13     | Noticed a vampire knight
 19567 | D:13     | Noticed a vault guard
 19567 | D:13     | Noticed a vault guard
 19567 | D:13     | Noticed a stone giant
 19567 | D:13     | Noticed a vault guard
 19567 | D:13     | Noticed a vault guard
 19568 | D:13     | Found the +0 sword of Power
 19599 | D:13     | Killed a vault guard
 19602 | D:13     | Killed a stone giant
 19602 | D:13     | Killed a vault guard
 19602 | D:13     | Reached skill level 10 in Unarmed Combat
 19603 | D:13     | Killed a tengu reaver
 19604 | D:13     | Killed a vault guard
 19605 | D:13     | Killed a vault guard
 19605 | D:13     | Reached skill level 10 in Transmutations
 19703 | D:13     | Killed a vampire knight
 19703 | D:13     | Gained mutation: When low on magic, you restore magic in
                  | place of health. [demonic ancestry]
 19703 | D:13     | Reached XP level 13. HP: 67/97 MP: 23/23
 20431 | D:13     | Killed Azrael
 20867 | D:14     | Gained mutation: You cannot train Armour skill. [Ru
                  | sacrifice]
 20867 | D:14     | Reached **** piety under Ru
 20867 | D:14     | Reached ***** piety under Ru
 20950 | D:14     | Found Zofet's Gadget Shoppe.
 20962 | D:14     | Found Gacosaev's Antique Armour Emporium.
 21267 | D:14     | Found Ybumuq's Armour Shoppe.
 21418 | D:14     | Paralysed by an ogre mage for 4 turns
 21421 | D:14     | HP: 5/117 [two-headed ogre/+0 giant spiked club (5)]
 21421 | D:14     | Slain by a two-headed ogre

Illustrated notes

Levels and vault maps discovered:
D:1:      dpeg_arrival_subterranean_lakeside_camping, layout_loops_ring
D:2:      layout_rooms, tgw_xom
D:3:      minmay_octagon_keep, layout_loops_ring,
          chequers_temple_overflow_statue_of_worship
D:4:      layout_rooms, minmay_temple_entry_waves, uniq_blork_the_orc,
          uniq_grinder, uniq_crazy_yiuf_cottage, uniq_duvessa
D:5:      layout_basic, basic_altar, minmay_manual_mail, uniq_sigmund,
          uniq_menkaure
D:6:      layout_cave_pods, kennysheep_little_box, gup_sewer_entry_bowl
D:7:      layout_cave_pools, grunt_gozag_statues, serial_shops,
          kennysheep_mini_moat, minmay_misc_feat_alley, corexii_checkpoint_b
D:8:      layout_loops_ring, uniq_psyche
D:9:      layout_grid_maze, roderic_batcave, minmay_guarded_unrand_finisher
D:10:     layout_irregular_city, minivault_16
D:11:     layout_roguey, grunt_lair_entry_orc_guard_hut, minivault_13
D:12:     layout_stronghold, kennysheep_orc_monster_closet_entryway,
          abandoned_shop, nicolae_ru_path_of_blood
D:13:     minmay_guarded_unrand_sword_of_power, layout_loops_ring, uniq_azrael
D:14:     layout_cave_pools, hangedman_vaults_entry_quadrant_bands,
          nicolae_two_hexagons, serial_shops, kennysheep_mini, shop,
          shop_statue, nicolae_shop_overgrown_old_shop
Temple:   dpeg_five_rooms_temple

Skill      XL: |  1  2  3  4  5  6  7  8  9 10 11 12 13 |
---------------+----------------------------------------+-----
Transmutations | 2 3 4 5 6 7 8 10 | 10.7
Dodging        | 2 3 4 5 6 7 |  7.6
Unarmed Combat | 3 4 5 6 8 9 10 | 10.8
Fighting       | 2 3 4 5 6 7 8 |  8.1
Poison Magic   | 1 2 3 4 5 6 7 |  7.0
Spellcasting   | 3 4 5 6 7 |  7.7
Ice Magic      | 1 2 3 4 5 6 7 |  7.0

Action                   |  1- 3 |  4- 6 |  7- 9 | 10-12 | 13-15 || total
-------------------------+-------+-------+-------+-------+-------++-------
Melee: Unarmed           |   148 |   297 |   422 |   745 |   166 ||  1778
       Kick              |    22 |    35 |    37 |    56 |    10 ||   160
       Headbutt          |    14 |    20 |    19 |    12 |       ||    65
       Punch             |     1 |     1 |     2 |     8 |     2 ||    14
 Cast: Beastly Appendage |    19 |    25 |    10 |    13 |     1 ||    68
       Spider Form       |       |     4 |    30 |     2 |       ||    36
       Ice Form          |       |       |     6 |    52 |     9 ||    67
       Blade Hands       |       |       |       |     4 |     4 ||     8
       Wereblood         |       |       |       |     1 |     1 ||     2
Invok: Sacrifice Stealth |       |       |       |     1 |       ||     1
       Sacrifice Love    |       |       |       |     1 |       ||     1
       Sacrifice Drink   |       |       |       |     1 |       ||     1
       Sacrifice Durabil |       |       |       |       |     1 ||     1
 Abil: End Transformatio |       |       |       |     2 |       ||     2
Evoke: Wand              |       |       |     6 |     7 |     1 ||    14
       Condenser vane    |       |       |       |     2 |       ||     2
  Use: Potion            |       |     7 |     2 |       |     1 ||    10
       Scroll            |       |       |    11 |     6 |       ||    17
 Stab: Invisible         |       |     2 |       |     6 |     3 ||    11
       Paralysed         |       |       |     4 |       |       ||     4
       Confused          |       |       |       |     3 |       ||     3
       Distracted        |       |       |       |     1 |     3 ||     4
Armor: Robe              |    46 |    69 |    39 |    74 |    16 ||   244
       Skin              |       |       |    20 |    93 |    17 ||   130
Dodge: Dodged            |   114 |   258 |   320 |   456 |    73 ||  1221

Table legend: (Time is in decaauts)
 A = Elapsed time spent in this place.
 B = Non-inter-level travel time spent in this place.
 C = Inter-level travel time spent in this place.
 D = Time resting spent in this place.
 E = Time spent auto-exploring this place.
 F = Levels seen in this place.
 G = Mean time per level.
                   A        B        C        D        E       F      G
               +--------+--------+--------+--------+--------+-----+--------+
         Total |  21392 |  20528 |    864 |   8606 |   8000 |  17 | 1258.4 |
       Dungeon |  20329 |  19532 |    797 |   8440 |   7447 |  14 | 1452.1 |
        Temple |    256 |    189 |     67 |      0 |    188 |   1 |  256.0 |
         Abyss |     29 |     29 |      0 |      0 |      0 |   1 |   29.0 |
         Sewer |    776 |    776 |      0 |    166 |    364 |   1 |  776.0 |
               +--------+--------+--------+--------+--------+-----+--------+

Top non-repeatable levels by time:
    D:11: 2569 daAuts
     D:8: 2346 daAuts
    D:13: 1913 daAuts
     D:3: 1860 daAuts
     D:1: 1639 daAuts
    D:12: 1459 daAuts
     D:7: 1297 daAuts
     D:5: 1276 daAuts
     D:2: 1272 daAuts
     D:9: 1086 daAuts
     D:4: 1046 daAuts
    D:10: 1041 daAuts
     D:6: 942 daAuts
   Sewer: 776 daAuts
    D:14: 576 daAuts
